cohdb
Replays
Latest Replays
All Replays
Popular Replays
Top Player Replays
Match Explorer
How It Works
Community
CoH3 Stats
Reddit
Sign in to upload your games and track your stats! →
Sign in with Steam
Match 45484697
Unlisted
Match 45484697
Overview
Messages
Build Orders
End
Panzerpioneer Squad
Selects Panzerjäger Kommand Battlegroup
Panzerpioneer Squad
Panzerpioneer Squad
250 Light Carrier
Construct Light Support Kompanie
Selects GrB 39 Grenade Launcher Requisition
250 Light Carrier
250 Light Carrier
250 Light Carrier
Fire Support Elements
Vehicle Survival Package
250 Light Carrier
Selects Crew Shock Tactics
Selects Mine Fields
Panzerpioneer Squad
Panzerpioneer Squad
Construct Panzerarmee Kommand
Rapid Advance
Panzer III L Medium Tank
Selects Anti-tank Overwatch
Tungsten Core Ammunition
Panzer III L Medium Tank
Selects Defensive Positions
Panzerpioneer Squad
Selects Butterfly Bomb Drop
Selects Butterfly Bomb Drop
Butterfly Bomb Drop
Panzer III L Medium Tank
General Custard Cream
Badam
partondis
YukikaOokami
Pioneer Combine
歪咔曲啃(绝地逃兵)
Semmelbresel
UtataNation 🛌🌟
0
0
Comments
sign in to comment!
No comments posted yet!